 Dungeon Crawl Stone Soup version 0.23.2-33-g5129a83184 (webtiles) character file.

Game seed: 8824263255729519874

22187 microfolk the Cleaver (level 12, -23/106 HPs)
             Began as a Demigod Wanderer on July 7, 2019.
             Annihilated by a white ugly thing (32 damage)
             ... in an ice cave.
             The game lasted 01:12:18 (23961 turns).

microfolk the Cleaver (Demigod Wanderer)           Turns: 23961, Time: 01:12:18

Health: -23/106    AC: 18    Str: 27    XL:     12   Next: 29%
Magic:  20/20      EV: 10    Int: 19    God:
Gold:   398        SH: 16    Dex: 16    Spells: 11/11 levels left

rFire    + . .     SeeInvis .   a - +2 hand axe (flame)
rCold    . . .     Gourm    .   B - +0 shield
rNeg     . . .     Faith    .   F - +6 ring mail of the Shining Light {+Fly rPois Stlth+}
rPois    +         Spirit   .   M - +0 helmet
rElec    .         Reflect  +   L - +0 cloak
rCorr    .         Harm     .   k - +1 pair of gloves
MR       +....                  N - +0 pair of boots
Stlth    ++++......             P - amulet of Dyewo {Reflect rPois Str+5 Int+3 SH+3}
HPRegen  0.27/turn              j - ring of protection from fire
MPRegen  0.17/turn              H - ring of stealth

@: hasted, very quick
A: high mp 1
a: Evoke Flight


You were in an ice cave.
You were not hungry.

You visited 3 branches of the dungeon, and saw 15 of its levels.
You also visited: Ossuary and Ice Cave.

You collected 751 gold pieces.
You spent 353 gold pieces at shops.

Inventory:

Hand Weapons
 a - a +2 hand axe of flaming (weapon)
 b - a +0 hunting sling
Missiles
 g - 19 tomahawks (quivered)
 m - 176 sling bullets
 v - 8 javelins
Armour
 k - a +1 pair of gloves (worn)
 B - a +0 shield (worn)
 F - the +6 ring mail of the Shining Light (worn) {+Fly rPois Stlth+}
   (You found it on level 8 of the Dungeon)

   It protects you from poison.
   It lets you fly.
   It makes you more stealthy.
 I - a +2 plate armour of fire resistance
 L - a +0 cloak (worn)
 M - a +0 helmet (worn)
 N - a +0 pair of boots (worn)
Jewellery
 d - an uncursed amulet of rage
 j - a ring of protection from fire (left hand)
 w - an uncursed ring of positive energy
 H - a ring of stealth (right hand)
 P - the amulet of Dyewo (around neck) {Reflect rPois Str+5 Int+3 SH+3}
   (You found it on level 8 of the Dungeon)

   [amulet of reflection]

   It shields you and reflects attacks.
   It affects your strength (+5).
   It affects your intelligence (+3).
   It protects you from poison.
   It affects your SH (+3).
Wands
 e - a wand of clouds (5)
 p - a wand of iceblast (23)
 O - a wand of acid (9)
 U - a wand of enslavement (10)
 X - a wand of polymorph (6)
Scrolls
 l - a scroll of amnesia {unknown}
 n - 6 scrolls of remove curse {@r2}
 r - 2 scrolls of immolation
 s - 2 scrolls of fear
 t - 3 scrolls of teleportation
 y - 2 scrolls of silence
 D - 2 scrolls of enchant armour
 E - 6 scrolls of identify {@r1}
 G - a scroll of torment {unknown}
 J - a scroll of vulnerability {unknown}
 K - 2 scrolls of enchant weapon
 S - 2 scrolls of fog
 T - a scroll of random uselessness {unknown}
Potions
 c - 11 potions of curing {@q1}
 h - 2 potions of mutation
 i - a potion of resistance
 q - 2 potions of brilliance
 u - 3 potions of magic
 x - 2 potions of berserk rage
 z - a potion of heal wounds {@q2}
 A - 4 potions of might
 R - a potion of lignification
 W - 3 potions of flight
 Z - a potion of agility
Comestibles
 f - 19 rations


   Skills:
 + Level 10.1 Fighting
   Level 1.7 Long Blades
 + Level 11.2 Axes
   Level 1.0 Staves
 - Level 5.1 Armour
 - Level 1.0 Dodging
 - Level 2.6 Stealth
 + Level 9.5 Shields
 + Level 6.2 Evocations


You had 11 spell levels left.
You didn't know any spells.
Your spell library contained the following spells:

 Spells                   Type           Power        Failure   Level  Hunger
 Flame Tongue             Conj/Fire      #....        52%         1    ##.....
 Freeze                   Ice            #...         52%         1    ##.....
 Summon Small Mammal      Summ           #...         52%         1    ##.....
 Call Imp                 Summ           #.......     65%         2    ###....
 Throw Flame              Conj/Fire      #.....       65%         2    ###....
 Call Canine Familiar     Summ           #.......     87%         3    ####...
 Conjure Flame            Conj/Fire      #.......     87%         3    ####...
 Inner Flame              Hex/Fire       #.......     87%         3    ####...
 Stone Arrow              Conj/Erth      #.....       87%         3    ####...
 Summon Guardian Golem    Hex/Summ       #.......     87%         3    ####...
 Ice Form                 Ice/Tmut       #.......     99%         4    #####..
 Sticky Flame             Conj/Fire      #.......     99%         4    #####..
 Summon Ice Beast         Ice/Summ       #.......     99%         4    #####..
 Summon Lightning Spire   Summ/Air       #.......     99%         4    #####..
 Bolt of Magma            Conj/Fire/Erth #.........   100%        5    ######.
 Fireball                 Conj/Fire      #.........   100%        5    ######.
 Iskenderun's Battlesphe  Conj/Chrm      #.......     100%        5    ######.
 Metabolic Englaciation   Hex/Ice        #.........   100%        5    ######.
 Venom Bolt               Conj/Pois      #.........   100%        5    ######.
 Bolt of Cold             Conj/Ice       #.........   100%        6    #######
 Freezing Cloud           Conj/Ice/Air   #.........   100%        6    #######
 Iron Shot                Conj/Erth      #.........   100%        6    #######
 Ozocubu's Refrigeration  Ice            #.........   100%        6    #######
 Simulacrum               Ice/Necr       #.........   100%        6    #######
 Orb of Destruction       Conj           #.........   100%        7    #######
 Spellforged Servitor     Conj/Summ      #.........   100%        7    #######


Dungeon Overview and Level Annotations

Branches:
Dungeon (11/15)            Temple (1/1) D:4            Lair (3/6) D:8
  Swamp: Lair:2-4    Shoals: Lair:2-4     Snake: Lair:2-4    Spider: Lair:2-4
    Orc: D:9-12

Shops:
D:4 [   D:10 [!***

Annotations:
D:2 exclusion: downstairs, Grinder
D:3 exclusion: downstairs
D:5 exclusions: door, downstairs and upstairs
D:9 exclusion: upstairs, Erolcha
D:10 exclusion: upstairs


Innate Abilities, Weirdness & Mutations

You have an increased reservoir of magic. (+10% MP)


Message History

The white ugly thing is heavily wounded.
The white ugly thing tail-slaps you. The white ugly thing freezes you!!
* * * LOW HITPOINT WARNING * * *
You hit the white ugly thing. You burn the white ugly thing.
The white ugly thing is heavily wounded.
You block the white ugly thing's attack.
You closely miss the white ugly thing.
The white ugly thing is heavily wounded.
The white ugly thing tail-slaps you.
* * * LOW HITPOINT WARNING * * *
The white ugly thing freezes you!
* * * LOW HITPOINT WARNING * * *
You feel much better. The white ugly thing tail-slaps you.
* * * LOW HITPOINT WARNING * * *
The white ugly thing freezes you!!
* * * LOW HITPOINT WARNING * * *
You feel yourself speed up. The white ugly thing tail-slaps you!
* * * LOW HITPOINT WARNING * * *
The white ugly thing freezes you!!
You die...

## #.# #.#
#### #.#
##...#### #.#
........## #.#
....Y....###.#
.......Y.Y#@#
(..8....YYu##
.(.......YY#
(©(....∩.∩Y#
.$.........#
$..8.......#
..........##
.........##
........##


You could see a white ugly thing and 5 ice beasts.

Vanquished Creatures
  Snorg (D:10)
  2 hydras
  4 two-headed ogres
  3 black mambas
  Joseph (D:9)
  2 spiny frogs (Lair:1)
  2 komodo dragons
  3 trolls
  A queen bee (Lair:2)
  5 hippogriffs
  2 dream sheep (D:7)
  26 yaks
  A wyvern (D:8)
  Grum (D:9)
  Menkaure (D:4)
  Duvessa (D:3)
  2 water moccasins
  6 orc warriors
  2 porcupines
  A black bear (D:9)
  6 ice beasts
  A sky beast (D:9)
  3 ogres
  13 wolves
  3 centaurs
  6 crocodiles
  3 big kobolds (D:8)
  Blork the orc (D:6)
  10 bullfrogs
  3 water moccasin zombies (Ossuary)
  Dowan (D:3)
  2 wyvern skeletons
  A water moccasin skeleton (D:7)
  2 scorpions
  30 killer bees
  4 wights (D:4)
  7 howler monkeys
  6 crimson imps
  A bullfrog zombie (D:7)
  2 quasits
  6 hounds
  8 orc priests
  12 orc wizards
  2 jellies
  A bullfrog skeleton (D:7)
  Jessica (D:3)
  2 iguanas
  9 worker ants
  2 big kobold zombies (Ossuary)
  A hound zombie (D:6)
  3 mummies
  A worker ant zombie (D:9)
  3 gnolls (D:9)
  11 adders
  4 shadow imps
  6 adder zombies
  2 worms
  2 dart slugs
  3 leopard geckos
  54 orcs
  A ball python (D:2)
  11 bats
  5 giant cockroaches
  A gnoll zombie (Ossuary)
  4 goblins
  14 hobgoblins
  16 jackals
  5 kobolds
  8 quokkas
  3 frilled lizards
  2 goblin zombies
  10 hobgoblin zombies
  A jackal skeleton (D:7)
  A kobold skeleton (D:6)
  4 kobold zombies
  A leopard gecko skeleton (D:8)
  4 orc skeletons (D:6)
  8 orc zombies
  A quokka zombie (D:5)
  5 rats
  A fungus (Lair:2)
411 creatures vanquished.

Vanquished Creatures (others)
  A hound skeleton (D:8)
  A howler monkey skeleton (D:8)
  A fungus (Lair:2)
3 creatures vanquished.

Grand Total: 414 creatures vanquished

Notes
Turn   | Place    | Note
-------+----------+-------------------------------------------
     0 | D:1      | microfolk the Demigod Wanderer began the quest for the Orb.
     0 | D:1      | microfolk set off with the following items: a +0 club, a
                  | potion of lignification, a potion of curing {@q1}, a +2
                  | leather armour, a +0 dagger, a ration
     0 | D:1      | Reached XP level 1. HP: 17/17 MP: 3/3
   136 | D:1      | Reached skill level 1 in Armour
   280 | D:1      | Reached XP level 2. HP: 22/24 MP: 4/4
  1030 | D:2      | Reached XP level 3. HP: 30/30 MP: 5/5
  1040 | D:2      | Found an iron altar of Okawaru.
  1355 | D:2      | Found a faded altar of an unknown god.
  2593 | D:3      | Reached XP level 4. HP: 31/37 MP: 6/6
  3221 | D:3      | Noticed Jessica
  3243 | D:3      | Killed Jessica
  3401 | D:3      | Reached skill level 1 in Axes
  3437 | D:3      | Reached XP level 5. HP: 38/45 MP: 7/7
  3659 | D:3      | Noticed Grinder
  4055 | D:3      | Paralysed by Grinder for 7 turns
  4326 | D:3      | Found a snail-covered altar of Cheibriados.
  4523 | D:3      | Reached skill level 2 in Axes
  4630 | D:4      | Found Urocue Pipn's Antique Armour Emporium.
  4956 | D:4      | Noticed Dowan
  4986 | D:3      | Paralysed by Grinder for 2 turns
  5284 | D:4      | Noticed Duvessa
  5455 | D:4      | Reached XP level 6. HP: 24/51 MP: 8/8
  5897 | D:4      | Found a staircase to the Ecumenical Temple.
  5907 | Temple   | Entered the Ecumenical Temple
  5916 | Temple   | Reached skill level 3 in Axes
  6311 | D:5      | Entered Level 5 of the Dungeon
  6334 | D:5      | Found a sand-covered staircase.
  6351 | Ossuary  | Entered an ossuary
  6769 | Ossuary  | Reached skill level 4 in Axes
  6769 | Ossuary  | Reached XP level 7. HP: 51/59 MP: 9/9
  8331 | D:5      | Reached skill level 5 in Axes
  8397 | D:5      | Reached skill level 5 in Armour
  8645 | D:5      | Reached XP level 8. HP: 22/67 MP: 10/10
  9346 | D:4      | Noticed Menkaure
  9356 | D:4      | Killed Menkaure
  9356 | D:4      | Reached skill level 5 in Fighting
 10023 | D:6      | Reached skill level 6 in Axes
 10287 | D:6      | Noticed Blork the orc
 10326 | D:6      | Killed Blork the orc
 10492 | D:6      | Found a glowing golden altar of the Shining One.
 10763 | D:6      | Noticed a two-headed ogre
 11135 | D:7      | Found a blossoming altar of Fedhas.
 11809 | D:7      | Found a deep blue altar of Sif Muna.
 12370 | D:7      | Reached skill level 7 in Axes
 12370 | D:7      | Reached XP level 9. HP: 62/75 MP: 11/11
 13018 | D:8      | Reached skill level 5 in Shields
 13475 | D:8      | Reached skill level 8 in Axes
 13490 | D:8      | Found a staircase to the Lair.
 13552 | D:8      | You fall through a shaft for 3 floors!
 13573 | D:11     | lol thanks devs
 13677 | D:11     | stay positive :)
 14032 | D:10     | Entered Level 10 of the Dungeon
 14312 | D:10     | Noticed a two-headed ogre
 14801 | D:11     | Noticed a six-headed hydra
 14808 | D:11     | Killed a one-headed hydra
 14808 | D:11     | Reached skill level 9 in Axes
 14808 | D:11     | Reached XP level 10. HP: 86/86 MP: 13/13
 15036 | D:10     | Found Ytuliyrcho's Antique Armour Shop.
 15092 | D:10     | Killed a two-headed ogre
 15280 | D:10     | Noticed a two-headed ogre
 15296 | D:10     | Killed a two-headed ogre
 15511 | D:10     | Bought a cloak for 85 gold pieces
 15516 | D:10     | Bought a helmet for 85 gold pieces
 15521 | D:10     | Bought a pair of boots for 85 gold pieces
 15663 | D:8      | Got a flickering iron amulet
 15664 | D:8      | Identified the amulet of Dyewo {Reflect rPois Str+5 Int+3
                  | SH+3} (You found it on level 8 of the Dungeon)
 15666 | D:8      | Got a smelly ring mail
 15669 | D:8      | Identified the Almanac of Congealing Earth
 15677 | D:8      | Noticed a death knight
 16185 | D:9      | Noticed Joseph
 16430 | D:10     | Found Zigelej's Assorted Antiques.
 16438 | D:10     | Bought a scroll of identify for 54 gold pieces
 16438 | D:10     | Identified the +6 ring mail of the Shining Light {+Fly
                  | rPois Stlth+} (You found it on level 8 of the Dungeon)
 16470 | D:10     | Found Ukeqel's General Store.
 16482 | D:10     | Bought a scroll of fog for 22 gold pieces
 16482 | D:10     | Bought a scroll of identify for 22 gold pieces
 16785 | D:10     | Found Vahez's General Store.
 16836 | D:10     | Reached skill level 1 in Evocations
 16913 | D:10     | Found Ket Rufifu's Distillery.
 16962 | D:10     | Got a brightly glowing ring mail
 16963 | D:10     | Identified the +1 ring mail of Xoruhad {*Slow rPois Int+4
                  | SInv} (You found it on level 10 of the Dungeon)
 16988 | D:10     | Noticed Snorg
 17010 | D:10     | Killed Snorg
 17010 | D:10     | Reached XP level 11. HP: 47/95 MP: 16/16
 18434 | D:6      | Killed a two-headed ogre
 18434 | D:6      | Reached skill level 10 in Axes
 18702 | D:3      | Found a snail-covered altar of Cheibriados.
 18726 | D:3      | Killed Duvessa
 18738 | D:3      | Killed Dowan
 19101 | D:8      | Noticed a three-headed hydra
 19112 | D:8      | Killed a one-headed hydra
 19382 | D:9      | Killed Joseph
 19872 | D:9      | Noticed a two-headed ogre
 19907 | D:9      | Killed a two-headed ogre
 19907 | D:9      | Reached skill level 5 in Evocations
 20217 | D:9      | Noticed Grum
 20396 | D:9      | Killed Grum
 20724 | D:9      | Noticed Erolcha
 20882 | Lair:1   | Entered Level 1 of the Lair of Beasts
 22492 | Lair:2   | Reached XP level 12. HP: 91/106 MP: 19/19
 22524 | Lair:2   | Reached skill level 11 in Axes
 23004 | Lair:2   | Reached skill level 10 in Fighting
 23913 | Lair:3   | Noticed a catoblepas
 23923 | Lair:3   | Found a frozen archway.
 23938 | IceCv    | Entered an ice cave
 23961 | IceCv    | Annihilated by a white ugly thing

Skill      XL: |  1  2  3  4  5  6  7  8  9 10 11 12 |
---------------+-------------------------------------+-----
Fighting       | 2 3 4 5 7 8 9 10 | 10.1
Armour         | 1 2 3 4 5 |  5.1
Axes           | 1 2 4 5 7 9 10 11 | 11.2
Shields        | 4 6 7 9 |  9.5
Evocations     | 2 5 6 |  6.2
Long Blades    | |  1.7
Staves         | |  1.0
Dodging        | |  1.0
Stealth        | |  2.6

Action                   |  1- 3 |  4- 6 |  7- 9 | 10-12 || total
-------------------------+-------+-------+-------+-------++-------
Melee: Dagger            |   178 |       |       |       ||   178
       Short sword       |    86 |    30 |       |       ||   116
       Hand axe          |       |   416 |   944 |   922 ||  2282
 Fire: Hunting sling     |       |       |    19 |     1 ||    20
Throw: Stone             |     9 |    10 |     4 |    40 ||    63
       Tomahawk          |       |       |       |     1 ||     1
 Abil: Evoke Berserk Rag |       |       |     6 |    10 ||    16
Evoke: Wand              |       |       |       |     2 ||     2
  Use: Scroll            |     3 |     4 |    11 |     8 ||    26
       Potion            |       |     1 |     3 |     2 ||     6
 Stab: Sleeping          |     9 |       |       |     5 ||    14
       Distracted        |       |       |     2 |     1 ||     3
  Eat: Chunk             |     3 |    12 |    20 |    29 ||    64
       Ration            |     1 |       |     4 |     3 ||     8
Armor: Leather armour    |    92 |     2 |       |       ||    94
       Chain mail        |       |   232 |   338 |       ||   570
       Skin              |       |       |     1 |       ||     1
       Plate armour      |       |       |    53 |    50 ||   103
       Ring mail         |       |       |       |   173 ||   173
Dodge: Dodged            |   145 |   176 |   199 |   214 ||   734
Block: Shield            |       |       |   286 |   634 ||   920
       Reflection        |       |       |       |    10 ||    10
